Map: Orbital Shipyard

Players

AcerNerchio (Nerchio) - Winner!

  • Race: Zerg Zerg

EJK

  • Race: Terran Terran
  • League: Master

Event: Gauntlet LotV Series 1 Qualifier 1

VOD

Have the link to the VOD?

Description

Time

  • Played on: Nov. 22, 2015, 5:23 p.m.
  • Length: 14:38

All games in this series

Show
View Real Time Build Order
Export as new Build Order

AcerNerchio Zerg - Winner!

Build Orders: Hatch First 

Get SALT Encoding   

  12  0:00  Drone  
  13  0:12  Overlord  
  13  0:17  Drone  
  14  0:30  Drone x2  
  14  0:34  Drone  
  17  0:53  Hatchery  
  17  0:55  Drone  
  17  0:58  Drone  
  18  1:10  Spawning Pool  
  17  1:14  Drone  
  17  1:17  Drone  
  19  1:22  Extractor  
  18  1:28  Drone  
  19  1:38  Overlord  
  19  1:53  Drone  
  20  1:58  Queen  
  20  2:00  Zergling x2  
  23  2:04  Queen  
  23  2:05  Zergling x2  
  26  2:11  Drone  
  27  2:16  Drone  
  27  2:21  Drone  
  29  2:25  Metabolic Boost  
  29  2:27  Drone  
  30  2:32  Drone  
  31  2:40  Hatchery  
  31  2:42  Drone  
  31  2:45  Drone  
  32  2:51  Queen  
  32  2:56  Overlord  
  34  2:59  Drone  
  34  3:01  Drone  
  36  3:14  Drone x6  
  36  3:16  Drone  
  36  3:19  Overlord  
  43  3:22  Drone  
  44  3:29  Extractor  
  44  3:33  Drone, Roach Warren  
  44  3:34  Drone  
  44  3:38  Overlord  
  44  3:45  Drone x2  
  44  3:46  Drone x3  
  49  3:52  Evolution Chamber  
  49  3:53  Drone  
  49  3:56  Queen  
  51  4:06  Extractor  
  50  4:13  Roach x6  
  50  4:15  Roach  
  64  4:18  Drone  
  64  4:20  Overlord  
  64  4:23  Overlord  
  65  4:26  Overlord  
  65  4:32  Zerg Ground Armor Level 1  
  65  4:39  Drone  
  65  4:42  Drone x5  
  65  4:43  Drone  
  65  4:44  Drone  
  73  4:50  Lair  
  73  4:53  Drone x2  
  73  4:54  Drone  
  73  4:56  Drone  
  73  4:59  Overlord  
  76  5:05  Overlord  
  76  5:07  Ravager  
  74  5:21  Drone  
  74  5:22  Drone x13  
  74  5:25  Extractor  
  74  5:26  Extractor  
  74  5:27  Overlord  
  86  5:28  Extractor  
  86  5:34  Drone x2  
  86  5:35  Evolution Chamber  
  86  5:37  Pneumatized Carapace  
  86  5:39  Drone x2  
  86  5:40  Drone x3  
  91  5:44  Overlord  
  91  5:48  Drone  
  91  5:49  Drone x2  
  94  5:50  Glial Reconstitution  
  94  6:02  Hatchery  
  94  6:04  Zerg Melee Weapons Level 1  
  93  6:09  Overlord  
  93  6:13  Drone x3, Overlord x2, Spore Crawler  
  93  6:14  Overlord  
  93  6:15  Spore Crawler  
  94  6:19  Roach  
  94  6:20  Roach x3  
  94  6:22  Overlord  
  102  6:30  Roach x4  
  110  6:34  Infestation Pit  
  109  6:40  Ravager  
  109  6:41  Ravager x5  
  109  6:44  Zerg Ground Armor Level 2  
  115  7:00  Drone x12  
  127  7:05  Overlord  
  127  7:10  Hatchery  
  127  7:13  Extractor  
  127  7:14  Overlord x6  
  125  7:19  Queen  
  127  7:23  Hive  
  127  7:30  Extractor  
  127  7:36  Drone x4  
  130  7:48  Infestor x2  
  134  7:58  Roach x3  
  140  8:07  Hatchery  
  140  8:08  Spine Crawler  
  140  8:09  Spine Crawler  
  137  8:17  Overlord  
  137  8:26  Zerg Melee Weapons Level 2  
  137  8:31  Zergling x2  
  137  8:32  Zergling x48  
  161  8:34  Ravager x3  
  161  8:40  Ravager x3  
  166  8:41  Ultralisk Cavern  
  166  8:45  Roach x10  
  185  8:55  Roach x8  
  197  9:00  Overlord x2  
  171  9:13  Roach  
  171  9:14  Roach x11  
  170  9:30  Ultralisk  
  170  9:31  Ultralisk x2  
  178  9:33  Ultralisk  
  178  9:35  Ravager  
  178  9:36  Ravager x3  
  178  9:38  Zergling x6  
  187  9:40  Zergling x4  
  187  9:42  Zergling x4  
  187  9:44  Zergling x4  
  193  9:49  Hatchery  
  187  9:55  Ultralisk  
  187  9:56  Ultralisk  
  187  9:57  Zergling x4  
  193  10:00  Zergling x4  
  193  10:02  Zergling x6  
  193  10:05  Zergling x4  
  164  10:29  Ultralisk x3  
  164  10:33  Ravager x2  
  164  10:35  Zergling x24  
  182  10:36  Zergling x2  
  189  10:45  Drone  
  189  10:46  Drone x5  
  189  10:48  Overlord  
  189  10:49  Pathogen Glands  
  194  10:55  Spire  
  190  11:09  Hatchery  
  178  11:14  Zergling x12  
  178  11:15  Zergling x2  
  154  11:21  Ultralisk x3  
  154  11:25  Chitinous Plating  
  172  11:34  Zergling x20  
  176  11:52  Zerg Ground Armor Level 3, Zerg Melee Weapons Level 3  
  175  11:57  Ravager x2  
  175  12:01  Drone x5  
  181  12:02  Drone, Extractor  
  181  12:03  Extractor  
  173  12:31  Infestor x4  
  173  12:32  Extractor  
  173  12:34  Corruptor  
  173  12:35  Corruptor  
  184  12:43  Zergling x12  
  190  12:51  Drone x11  
  182  12:53  Corruptor x4  
  189  13:11  Drone x2  
  189  13:12  Drone  
  189  13:41  Zergling x30  
  181  13:42  Zergling x2  
  185  13:48  Zergling x2  
  185  13:49  Zergling x24  
  165  14:03  Corruptor x2  
  165  14:04  Corruptor  
Show
View Real Time Build Order
Export as new Build Order

EJK Terran 

Build Orders: Command Center First (CC), Mech 

Get SALT Encoding   

  12  0:00  SCV  
  13  0:12  SCV  
  14  0:17  Supply Depot  
  14  0:25  SCV  
  15  0:39  SCV  
  16  0:51  SCV  
  17  0:59  Command Center  
  17  1:03  SCV  
  18  1:14  Barracks  
  18  1:16  SCV  
  19  1:24  Refinery  
  19  1:28  SCV  
  20  1:36  Refinery  
  20  1:40  SCV  
  21  2:01  Orbital Command, Marine  
  22  2:10  Supply Depot  
  22  2:11  Orbital Command  
  22  2:19  Marine  
  23  2:27  SCV  
  24  2:34  Factory  
  24  2:37  SCV  
  24  2:40  SCV  
  24  2:43  Barracks Reactor  
  26  2:49  SCV  
  27  2:52  SCV  
  28  3:02  Command Center  
  28  3:05  SCV x2  
  30  3:17  SCV x2  
  30  3:19  Factory Tech Lab  
  32  3:21  Marine x2  
  32  3:22  Starport  
  34  3:29  SCV x2  
  34  3:32  Supply Depot  
  36  3:39  Siege Tank  
  39  3:41  SCV  
  39  3:42  SCV  
  39  3:43  Marine x2  
  43  3:54  SCV x2  
  45  3:58  Medivac  
  45  4:00  Marine x2  
  49  4:06  SCV x2  
  49  4:09  Refinery x2  
  51  4:12  Siege Tank  
  51  4:14  Orbital Command  
  54  4:18  SCV x2, Marine x2  
  58  4:28  Viking  
  60  4:31  SCV x2  
  60  4:37  Supply Depot  
  62  4:40  SCV  
  62  4:43  SCV x2  
  65  4:51  Factory  
  65  4:52  SCV  
  66  4:53  Liberator  
  66  4:54  Factory  
  66  4:55  Supply Depot, SCV  
  66  4:57  Barracks Tech Lab, Orbital Command  
  66  4:59  Hellion x2  
  71  5:00  SCV  
  73  5:08  SCV  
  76  5:20  Hellion x2  
  80  5:30  SCV x3  
  83  5:37  Armory  
  83  5:39  Engineering Bay  
  83  5:42  SCV x2  
  85  5:49  Refinery  
  85  5:53  SCV, Refinery  
  85  5:54  Supply Depot  
  85  5:57  Supply Depot  
  85  5:58  Liberator  
  85  6:07  Supply Depot  
  85  6:13  Supply Depot  
  85  6:15  SCV x2, Siege Tank  
  101  6:18  SCV, Hellion x2, Siege Tank  
  101  6:24  Supply Depot  
  101  6:27  Supply Depot  
  101  6:28  Terran Vehicle Weapons Level 1  
  101  6:31  SCV  
  101  6:32  SCV x2, Factory, Supply Depot  
  104  6:34  Factory  
  103  6:41  Missile Turret  
  103  6:48  Siege Tank  
  103  6:49  Hellion x2  
  103  6:50  Siege Tank  
  103  6:53  SCV x3  
  116  6:58  Medivac  
  118  7:02  Supply Depot, Infernal Pre-Igniter  
  118  7:03  Mag-Field Accelerator  
  118  7:04  Supply Depot  
  118  7:08  Supply Depot  
  118  7:10  Hellion x2  
  122  7:18  SCV x3  
  122  7:20  Siege Tank  
  122  7:22  Siege Tank  
  131  7:25  Factory Tech Lab, Factory Reactor  
  131  7:34  Hellion x2  
  131  7:36  Medivac  
  137  7:39  Command Center  
  137  7:44  Cyclone  
  140  7:52  Siege Tank  
  140  7:54  Siege Tank  
  140  7:55  Hellion x2  
  150  8:06  Hellion x2  
  154  8:16  Cyclone, Hellion  
  154  8:17  Hellion  
  154  8:18  Medivac  
  163  8:22  Supply Depot  
  163  8:24  Command Center, Supply Depot  
  163  8:26  Terran Vehicle Weapons Level 2  
  163  8:28  Command Center  
  163  8:35  Hellion  
  165  8:43  Cyclone  
  165  8:44  Hellion x2  
  165  8:45  Cyclone  
  162  9:12  Siege Tank  
  162  9:13  Hellion x4  
  162  9:15  Siege Tank  
  159  9:22  Liberator  
  145  9:32  Siege Tank  
  145  9:35  Hellion x2  
  148  9:43  Orbital Command x2  
  148  9:44  Siege Tank  
  154  9:47  Siege Tank  
  155  9:57  Hellion x3  
  156  10:05  Siege Tank  
  159  10:15  Command Center  
  159  10:16  Siege Tank  
  159  10:20  Siege Tank  
  158  10:25  Hellion  
  158  10:27  Hellion  
  117  10:37  Cyclone  
  117  10:38  Refinery  
  117  10:40  Refinery  
  111  10:48  Cyclone  
  111  10:52  Cyclone  
  114  11:01  Hellion  
  113  11:09  Cyclone  
  87  11:12  SCV x2  
  87  11:18  Hellion x3  
  90  11:20  SCV x2, Cyclone  
  90  11:21  SCV  
  90  11:22  Hellion  
  90  11:24  Cyclone  
  101  11:30  SCV x2  
  104  11:32  SCV  
  104  11:41  Cyclone  
  104  11:42  Liberator  
  103  11:53  Cyclone, Hellion x4  
  114  11:56  Cyclone  
  120  12:04  Refinery  
  120  12:11  Hellion x2  
  120  12:13  Cyclone  
  123  12:15  Terran Vehicle And Ship Armor Level 1  
  123  12:25  Cyclone  
  120  12:35  Cyclone  
  120  12:36  Hellion x4  
  127  12:39  Liberator  
  127  12:45  Cyclone  
  130  12:57  Cyclone  
  132  13:08  Cyclone  
  132  13:10  Hellion x3  
  138  13:17  Cyclone  
  138  13:18  Supply Depot  
  141  13:20  Supply Depot, Sensor Tower  
  141  13:26  Planetary Fortress  
  136  13:46  Cyclone x2  
  136  13:47  Hellion x4  
  137  13:58  Cyclone  
  124  14:05  SCV x4  
  124  14:07  Refinery  
  124  14:08  Refinery  
  97  14:11  Orbital Command  
  80  14:18  SCV  
Tags
 
Add a new tag
Caveats
  • Supply blocks, unpowered buildings, or Contaminate may cause inaccurate times.
  • Supply counts are checked every 10 seconds.